 Dungeon Crawl Stone Soup version 0.22-a0-32-ga749362bc3 (webtiles) character file.

28350 NixNut the Fighter (level 13, -6/91 HPs)
             Began as a Gargoyle Monk on Jan 3, 2018.
             Was a Believer of the Shining One.
             Killed from afar by a lindwurm (37 damage)
             ... with a blast of flame
             ... summoned by Kirke
             ... on level 13 of the Dungeon.
             The game lasted 01:14:33 (13708 turns).

NixNut the Fighter (Gargoyle Monk)                 Turns: 13708, Time: 01:14:34

Health: -6/91      AC:  0    Str: 19    XL:     13   Next: 38%
Magic:  13/13      EV: 15    Int: 12    God:    the Shining One [**....]
Gold:   1414       SH:  0    Dex: 12    Spells: 12/12 levels left

rFire    . . .     SeeInvis .   (weapon currently unavailable)
rCold    . . .     Gourm    .   (shield currently unavailable)
rNeg     + + .     Faith    .   (armour currently unavailable)
rPois    ∞         Spirit   .   (helmet currently unavailable)
rElec    .         Reflect  .   (cloak currently unavailable)
rCorr    .         Harm     .   (gloves currently unavailable)
MR       .....                  (boots currently unavailable)
Stlth    +.........             E - amulet of regeneration
HPRegen  0.65/turn              (ring currently unavailable)
MPRegen  0.13/turn              (ring currently unavailable)

@: pig-form, flying, slowed, glowing
A: small, negative energy resistance 1, petrification resistance, rot immunity,
AC +9
a: Divine Shield, Renounce Religion


You were on level 13 of the Dungeon.
You worshipped the Shining One.
The Shining One was pleased with you.
You were hungry.
You were a filthy swine.
You visited 2 branches of the dungeon, and saw 14 of its levels.
You also visited: Trove and Ice Cave.

You collected 1414 gold pieces.

Inventory:

Hand Weapons
 a - the cursed +2 war axe of Gaceo {chop, MR+}
   (You found it on level 8 of the Dungeon)

   It inflicts extra damage upon your enemies.
   It affects your resistance to hostile enchantments.
   It has a curse placed upon it.
 d - a +4 great mace
 k - a +8 flail of holy wrath (melded)
 u - a +2 eveningstar of protection
 v - a +1 battleaxe of freezing
 M - the +6 shortbow of Objectivity {flame, rElec Int+4}
   (You found it in an ice cave)

   It causes projectiles fired from it to burn those they strike, causing extra
   injury to most foes and up to half again as much damage against particularly
   susceptible opponents.
   It affects your intelligence (+4).
   It insulates you from electricity.
Armour
 b - a +0 helmet (melded)
 g - the +3 leather armour of Watchfulness {rElec rC- Str+2}
   (You took it off a meliai on level 13 of the Dungeon)

   It affects your strength (+2).
   It makes you vulnerable to cold.
   It insulates you from electricity.
 m - a +0 buckler (melded)
 o - a +1 pair of boots (melded)
 p - the +11 plate armour of Bad Feelings {rC- rN++}
   (You found it on level 12 of the Dungeon)

   It makes you vulnerable to cold.
   It greatly protects you from negative energy.
 s - the +1 pair of gloves "Zuotret" (melded) {rN+ Int+7}
   (You found it in a treasure trove)

   It affects your intelligence (+7).
   It protects you from negative energy.
 w - a +0 troll leather armour
 y - a scarf of repulsion (melded)
 C - a +0 plate armour (melded)
Jewellery
 E - an amulet of regeneration (around neck)
 F - the ring of the Skies Above {rCorr +Fly Dex+5 Slay+2, unknown}
   (You found it in a treasure trove)

   [ring of resist corrosion]

   It affects your dexterity (+5).
   It affects your accuracy and damage with ranged weapons and melee attacks
   (+2).
   It lets you fly.
 I - a cursed +5 ring of slaying (melded)
 P - an uncursed ring of magical power {unknown}
Wands
 f - a wand of polymorph (4)
 t - a wand of iceblast (2)
 A - a wand of enslavement (27)
Scrolls
 h - 3 scrolls of enchant armour
 i - 10 scrolls of remove curse
 j - a scroll of fear
 n - a scroll of blinking
 x - 6 scrolls of fog
 z - a scroll of magic mapping
 B - 2 scrolls of teleportation
 K - a scroll of amnesia
 L - a scroll of summoning {unknown}
Potions
 q - 2 potions of flight
 r - 2 potions of brilliance
 D - a potion of agility
 G - a potion of lignification {unknown}
 H - 2 potions of cancellation {unknown}
 J - a potion of resistance {unknown}
Books
 e - a book of Changes

   Spells                             Type                      Level
   a - Beastly Appendage              Transmutation                1
   b - Sticks to Snakes               Transmutation                2
   c - Spider Form                    Transmutation/Poison         3
   d - Ice Form                       Ice/Transmutation            4
   e - Blade Hands                    Transmutation                5
Comestibles
 c - 19 rations


   Skills:
 * Level 14.9 Fighting
 * Level 13.8 Maces & Flails
 + Level 10.7 Armour
 - Level 2.4 Dodging
 - Level 2.1 Stealth
 - Level 4.0 Shields
 - Level 0.5 Invocations


You had 12 spell levels left.
You didn't know any spells.

Dungeon Overview and Level Annotations

Branches:
Dungeon (13/15)            Temple (0/1) D:7            Lair (1/6) D:10
    Orc (0/2) D:12
 Vaults: D:13-14

Altars:
Hepliaklqana
Kikubaaqudgha
Nemelex Xobeh
Qazlal
Sif Muna
Zin
The Shining One
Beogh

Shops:
D:13 *

Annotations:
D:8 exclusion: 2 downstairs
D:12 exclusion: downstairs
D:13 Kirke


Innate Abilities, Weirdness & Mutations

You are resistant to torment.
((Your stone body is resilient. (AC +9)))
You are immune to poison.
You resist negative energy. (rN+)
((You are resistant to electric shocks. (rElec)))
((You can survive without breathing.))
You are immune to petrification.
You are immune to rotting.


Message History

You feel a momentary urge to oink.
You hit Kirke.
Kirke is lightly wounded.
The orc warrior barely misses you. Kirke hits you!
Things that are here:
a robe; a dagger You feel very buoyant.
You fly up into the air.
Kirke closely misses you.
The orc warrior hits you from afar with a glaive!
Kirke gestures at you while chanting.
You struggle to resist.
The orc wizard gestures wildly while chanting.
The orc wizard blinks!
Kirke mumbles some strange words.
Kirke summons a lindwurm!
As you read the scroll of fog, it crumbles to dust.
The scroll dissolves into smoke.
The lindwurm breathes flames at you. The blast of flame hits you!
You die...

#..........#
###..........##
.'...........#
#...........#
#..o........# ...#.#
#...........# .....#
#..[........### .....#
#..?...ok§§§$.#
.H...###..[o[..@h§##
.h.....###.######§§..#
......# #[# #########
#o...###o###........
#.)..##......#########
###.o.)##)[....))<()...#
o.o.H)[+o.......######.#
###xo.÷##)......# #.#
#......###+####.# #.#


You could see Kirke, a lindwurm, an orc warrior, an orc wizard and an orc.

Vanquished Creatures
  Snorg (D:11)
  2 hydras
  2 two-headed ogres
  A catoblepas (D:11)
  A death knight (D:13)
  The ghost of Roak the Fighter, a novice FoAK of Lugonu (D:8)
  Urug (D:12)
  A tengu warrior (D:13)
  A deep elf mage (D:13)
  2 ugly things (D:12)
  A manticore (D:13)
  Joseph (D:9)
  3 centaur zombies
  2 ice statues (IceCv)
  2 gargoyles
  2 spiny frogs (Lair:1)
  3 centaur skeletons
  2 freezing wraiths (D:12)
  A komodo dragon (Lair:1)
  7 ice devils (IceCv)
  4 trolls
  3 meliai (D:13)
  A hornet (D:10)
  Grinder (D:3)
  A meliai zombie (D:13)
  3 wraiths
  7 yaks
  A hungry ghost (D:12)
  8 hogs
  A human (D:9)
  4 vampire mosquitoes (D:13)
  The ghost of NixNut the Changer, an amateur HuWn (D:3)
  A two-headed ogre zombie (D:12)
  A porcupine (Lair:1)
  3 water moccasins
  9 orc warriors
  6 sky beasts
  2 phantoms (D:12)
  2 black bears
  A necrophage (D:6)
  5 ice beasts
  5 wolves
  5 ogres
  2 crocodiles
  2 centaurs
  3 big kobolds
  8 bullfrogs
  A wyvern zombie (D:12)
  A gnoll sergeant (D:8)
  7 scorpions
  A water moccasin skeleton (D:5)
  3 killer bees (D:13)
  4 troll zombies (D:12)
  9 wights
  6 howler monkeys
  8 jellies
  6 crimson imps
  6 hounds
  10 orc priests
  4 bullfrog skeletons
  2 bullfrog zombies
  14 orc wizards
  Natasha (thrice) (D:4)
  2 iguanas
  5 worker ants
  2 ogre zombies (D:12)
  A hound skeleton (D:8)
  2 worker ant zombies
  A howler monkey zombie (D:11)
  9 adders
  11 gnolls
  5 shadow imps
  6 white imps (IceCv)
  5 ufetubi (IceCv)
  An ooze (D:2)
  4 worms
  2 dart slugs
  4 leopard geckos
  42 orcs
  A ball python (D:3)
  3 giant cockroaches
  8 goblins
  7 hobgoblins
  13 jackals
  29 kobolds
  2 quokkas (D:7)
  7 bats
  7 frilled lizards
  2 goblin zombies (D:12)
  6 hobgoblin zombies (D:12)
  4 orc skeletons (D:12)
  11 orc zombies (D:12)
  3 rats (D:1)
417 creatures vanquished.

Vanquished Creatures (collateral kills)
  An ice devil (IceCv)
1 creature vanquished.

Vanquished Creatures (others)
  A reaper (IceCv)
  An ice devil (IceCv)
  An ogre zombie (D:12)
  4 white imps (IceCv)
  5 ufetubi (IceCv)
  2 orc zombies (D:12)
  4 fungi
  5 toadstools (D:3)
23 creatures vanquished.

Grand Total: 441 creatures vanquished

Notes
Turn   | Place    | Note
-------+----------+-------------------------------------------
     0 | D:1      | NixNut the Gargoyle Monk began the quest for the Orb.
     0 | D:1      | Reached XP level 1. HP: 14/14 MP: 1/1
   369 | D:1      | Reached XP level 2. HP: 19/19 MP: 2/2
   763 | D:1      | Reached skill level 1 in Armour
   862 | D:1      | Reached XP level 3. HP: 24/24 MP: 3/3
  1363 | D:2      | Reached skill level 4 in Fighting
  1541 | D:2      | Reached XP level 4. HP: 25/29 MP: 4/4
  2014 | D:3      | Reached XP level 5. HP: 27/34 MP: 5/5
  2104 | D:3      | Noticed Grinder
  2104 | D:3      | Paralysed by Grinder for 2 turns
  2112 | D:3      | Noticed NixNut's ghost (amateur HuWn)
  2196 | D:3      | Killed NixNut's ghost
  2196 | D:3      | Reached skill level 5 in Fighting
  2196 | D:3      | Reached XP level 6. HP: 16/40 MP: 2/6
  2600 | D:3      | Reached skill level 5 in Maces & Flails
  2711 | D:3      | Paralysed by Grinder for 2 turns
  2728 | D:3      | Killed Grinder
  2728 | D:3      | Reached skill level 6 in Fighting
  2728 | D:3      | Reached XP level 7. HP: 20/46 MP: 2/7
  3324 | D:4      | Found a deep blue altar of Sif Muna.
  3327 | D:4      | Found a stormy altar of Qazlal.
  3327 | D:4      | Found a glowing golden altar of the Shining One.
  3330 | D:4      | Found a glowing silver altar of Zin.
  3330 | D:4      | Noticed Natasha
  3342 | D:4      | Killed Natasha
  3366 | D:4      | Became a worshipper of the Shining One
  3366 | D:4      | Reached * piety under the Shining One
  3366 | D:4      | Reached ** piety under the Shining One
  3444 | D:4      | Noticed Natasha
  3450 | D:4      | Killed Natasha
  3462 | D:4      | Noticed Natasha
  3471 | D:4      | Killed Natasha
  3833 | D:5      | Entered Level 5 of the Dungeon
  3877 | D:5      | Reached skill level 1 in Shields
  3877 | D:5      | Reached XP level 8. HP: 42/52 MP: 5/8
  3954 | D:5      | Found an ancient bone altar of Kikubaaqudgha.
  3964 | D:5      | Reached skill level 7 in Fighting
  5145 | D:6      | Reached skill level 8 in Fighting
  5145 | D:6      | Reached skill level 5 in Armour
  5222 | D:6      | Reached XP level 9. HP: 39/59 MP: 9/9
  5390 | D:6      | Reached *** piety under the Shining One
  6192 | D:7      | Reached skill level 9 in Fighting
  6372 | D:7      | Found a staircase to the Ecumenical Temple.
  6512 | D:7      | Found a hazy altar of Hepliaklqana.
  6512 | D:7      | Found a sparkling altar of Nemelex Xobeh.
  6531 | D:7      | You fall through a shaft for 2 floors!
  6689 | D:9      | Noticed a two-headed ogre
  6798 | D:8      | Noticed a two-headed ogre
  6854 | D:8      | Noticed Roak's ghost (novice FoAK)
  7053 | D:7      | Killed a two-headed ogre
  7053 | D:7      | Reached skill level 10 in Fighting
  7053 | D:7      | Reached XP level 10. HP: 37/68 MP: 7/10
  7753 | D:8      | Got a transparent war axe
  7754 | D:8      | Identified the cursed +2 war axe of Gaceo {chop, MR+} (You found it on level 8 of the Dungeon)
  7947 | D:8      | Killed Roak's ghost
  8028 | D:9      | Noticed Joseph
  8064 | D:9      | Reached **** piety under the Shining One
  8127 | D:9      | Killed Joseph
  8127 | D:9      | Reached skill level 10 in Maces & Flails
  8301 | D:9      | Reached skill level 11 in Fighting
  8359 | D:9      | Killed a two-headed ogre
  8359 | D:9      | Reached XP level 11. HP: 48/74 MP: 7/11
  8477 | D:9      | Noticed a four-headed hydra
  8720 | D:9      | Killed a four-headed hydra
  9011 | D:10     | Entered Level 10 of the Dungeon
  9079 | D:10     | Reached skill level 12 in Fighting
  9311 | D:10     | Reached ***** piety under the Shining One
  9442 | D:10     | Found a staircase to the Lair.
  9678 | Lair:1   | Entered Level 1 of the Lair of Beasts
  9821 | Lair:1   | Found a frozen archway.
  9830 | IceCv    | Entered an ice cave
  9997 | IceCv    | Killed a reaper
 10190 | IceCv    | Reached XP level 12. HP: 82/82 MP: 12/12
 10306 | IceCv    | Reached skill level 13 in Fighting
 10517 | IceCv    | Got a smoking shortbow
 10991 | Lair:1   | Noticed an eight-headed hydra
 11001 | Lair:1   | Killed an eight-headed hydra
 11429 | D:11     | Identified the +6 shortbow of Objectivity {flame, rElec Int+4} (You found it in an ice cave)
 11594 | D:11     | Noticed a catoblepas
 11605 | D:11     | Killed a catoblepas
 11676 | D:11     | Noticed Snorg
 11684 | D:11     | Killed Snorg
 11924 | D:11     | Found a roughly hewn altar of Beogh.
 12048 | D:12     | Found a staircase to the Orcish Mines.
 12048 | D:12     | Reached ****** piety under the Shining One
 12062 | D:12     | Identified a +8 flail of holy wrath (a +6 flail blessed by the Shining One)
 12062 | D:12     | Received a gift from the Shining One
 12264 | D:12     | Reached skill level 14 in Fighting
 12268 | D:12     | Reached skill level 10 in Armour
 12387 | D:12     | Got a smoking plate armour
 12388 | D:12     | Identified the +11 plate armour of Bad Feelings {rC- rN++} (You found it on level 12 of the Dungeon)
 12433 | D:12     | Noticed Urug
 12445 | D:12     | Killed Urug
 12594 | D:12     | Found a portal to a secret trove of treasure.
 12603 | Trove    | Entered a treasure trove
 12616 | Trove    | Got a pair of encrusted gloves
 12627 | Trove    | Identified the +1 pair of gloves "Zuotret" {rN+ Int+7} (You found it in a treasure trove)
 12649 | Trove    | Got a scorched marble ring
 12776 | D:13     | Found Juehuxon's Assorted Antiques.
 12813 | D:13     | Noticed Kirke
 12813 | D:13     | Reached XP level 13. HP: 76/91 MP: 13/13
 13367 | D:13     | Got a dazzling leather armour
 13368 | D:13     | Identified the +3 leather armour of Watchfulness {rElec rC- Str+2} (You took it off a meliai on level 13 of the Dungeon)
 13527 | D:13     | Noticed a vault guard
 13708 | D:13     | Killed from afar by a lindwurm

Vault maps used:
D:1:      dpeg_arrival_solitude, serial_park_tiny_pond
D:2:      serial_bayou, serial_bayou_ford_a, serial_bayou_lagoon_a,
          serial_bayou_pond_b, serial_bayou_crossing
D:3:      cheibrodos_fertilizer, first_ration, uniq_grinder
D:4:      grunt_temple_overflow_open, uniq_natasha
D:5:      marbit_many_paths
D:7:      gammafunk_temple_overflow_wave, minmay_temple_entry_trees
D:9:      grunt_livestock, uniq_joseph
D:10:     lair_entry_dummy
D:11:     special_room, uniq_snorg
D:12:     zombieorc2_lemuel, nicolae_trove_entry_crystal, uniq_urug
D:13:     emtedronai_trogs_sanctum, david_vaults_5, serial_shops, shop,
          uniq_kirke
Lair:1:   portal_ice_cave_entry_pillars_2
Trove:    trove_simple
IceCv:    ice_cave_small_demon

Skill      XL: |  1  2  3  4  5  6  7  8  9 10 11 12 |
---------------+-------------------------------------+-----
Armour         | 1 2 3 4 5 6 7 9 10 | 10.7
Fighting       | 4 5 6 8 10 11 12 14 | 14.9
Maces & Flails | 4 5 6 7 9 10 11 13 | 13.8
Shields        | 1 3 4 |  4.0
Dodging        | |  2.4
Stealth        | |  2.1
Invocations    | |  0.5

Action                   |  1- 3 |  4- 6 |  7- 9 | 10-12 | 13-15 || total
-------------------------+-------+-------+-------+-------+-------++-------
Melee: Mace              |   140 |   180 |    68 |       |       ||   388
       Flail             |       |       |   342 |   773 |   124 ||  1239
       Unarmed           |       |       |       |       |    14 ||    14
Invok: Divine Shield     |       |       |     1 |     6 |       ||     7
       Brand Weapon With |       |       |       |     1 |       ||     1
Evoke: Wand              |       |       |       |    13 |     1 ||    14
  Use: Scroll            |     1 |     1 |     1 |    22 |     4 ||    29
       Potion            |       |     4 |     6 |     7 |     6 ||    23
 Stab: Sleeping          |     2 |       |       |       |       ||     2
  Eat: Chunk             |     2 |     4 |     9 |    10 |     3 ||    28
       Ration            |       |       |     2 |     3 |       ||     5
Armor: Robe              |    53 |       |       |       |       ||    53
       Ring mail         |    18 |    81 |   199 |    67 |       ||   365
       Skin              |       |       |       |     1 |       ||     1
       Plate armour      |       |       |       |   422 |    86 ||   508
       Troll leather arm |       |       |       |    26 |       ||    26
Dodge: Dodged            |   100 |   128 |   174 |   275 |    66 ||   743
       Deflected         |       |       |    12 |    17 |     5 ||    34
Block: Buckler           |       |       |    73 |   200 |    36 ||   309

Table legend:
 A = Spawn XP
 B = Non-spawn XP
 C = Spawn XP percentage of total XP
 D = Spawn monster count
 E = Non-spawn monster count
 F = Spawn count percentage of total count
 G = Total turns spent on level
                    A         B        C        D         E        F      G
               +---------+---------+-------+---------+---------+-------+---------
         Total |       0 |   40501 |   0.0 |       0 |     419 |   0.0 | 13708
               +---------+---------+-------+---------+---------+-------+---------
           D:1 |       0 |      38 |   0.0 |       0 |      23 |   0.0 |   985
           D:2 |       0 |      77 |   0.0 |       0 |      20 |   0.0 |  1190
           D:3 |       0 |     704 |   0.0 |       0 |      28 |   0.0 |  1145
           D:4 |       0 |     186 |   0.0 |       0 |      15 |   0.0 |   513
           D:5 |       0 |    1212 |   0.0 |       0 |      29 |   0.0 |  1288
           D:6 |       0 |     584 |   0.0 |       0 |       7 |   0.0 |   601
           D:7 |       0 |    1950 |   0.0 |       0 |      23 |   0.0 |  1040
           D:8 |       0 |    2194 |   0.0 |       0 |      30 |   0.0 |  1130
           D:9 |       0 |    5393 |   0.0 |       0 |      40 |   0.0 |  1119
          D:10 |       0 |    3156 |   0.0 |       0 |      32 |   0.0 |   700
          D:11 |       0 |    3475 |   0.0 |       0 |      29 |   0.0 |   769
          D:12 |       0 |    6554 |   0.0 |       0 |      58 |   0.0 |  1315
          D:13 |       0 |    7669 |   0.0 |       0 |      49 |   0.0 |   360
        Lair:1 |       0 |    3647 |   0.0 |       0 |      15 |   0.0 |   708
         IceCv |       0 |    3662 |   0.0 |       0 |      21 |   0.0 |   786
               +---------+---------+-------+---------+---------+-------+---------
